AoeStats
← Yo_N3m3sis

Lombardia

508030041Analyzed
2v2 RM · 13d ago on Sep 20, 2026· 78m 47s· 4 players
Game mode
Random Map
Map size
Medium (4 player)
Population
200
Speed
Normal
Resources
Standard
Victory
Conquest
Starting age
Dark Age
Ending age
Imperial Age
RankedLock teamsTeams togetherTeam positionsShared explorationLock speedFull tech treeHidden civsTurbo modeCheats
Victory
Defeat
🇩🇪 Mongols · Germany
1338
+16
🇩🇪 Jurchens · Germany
1319
+17
🇮🇳 Romans · India
1350
-17
🇮🇳 Jurchens · India
1335
-16
Alex
6:39 Loom
8:42 Feudal Age
11:53 Double-Bit Axe
17:41 Castle Age
17:57 Horse Collar
19:23 Bow Saw
20:13 Fletching
23:21 Bodkin Arrow
25:56 Wheelbarrow
26:41 Gold Mining
27:36 Ballistics
29:28 Bloodlines
29:18 Husbandry
31:53 Padded Archer Armor
32:12 Hand Cart
38:56 Leather Archer Armor
42:06 Imperial Age
39:55 Heavy Plow
40:32 Gold Shaft Mining
41:56 Thumb Ring
42:57 Bracer
42:19 Elite Mangudai
43:47 Conscription
45:41 Chemistry
44:47 Siege Engineers
44:44 Stone Mining
44:31 Capped Ram
46:00 Parthian Tactics
46:51 Siege Ram
52:00 Drill
52:16 Hoardings
67:34 Nomads
68:41 Caravan
69:27 Town Watch
Rodoin Flock
5:10 Loom
9:44 Feudal Age
13:26 Forging
14:01 Scale Barding Armor
16:14 Double-Bit Axe
19:28 Bloodlines
21:19 Wheelbarrow
23:37 Castle Age
22:57 Wheelbarrow
22:31 Horse Collar
22:46 Stone Mining
24:43 Chain Barding Armor
24:31 Gold Mining
25:15 Husbandry
33:14 Iron Casting
37:48 Fletching
38:44 Bow Saw
46:49 Imperial Age
46:53 Elite Iron Pagoda
47:54 Conscription
48:36 Plate Barding Armor
49:14 Blast Furnace
50:06 Stone Shaft Mining
50:44 Hand Cart
51:28 Bodkin Arrow
51:58 Town Watch
52:46 Bracer
52:52 Light Cavalry
57:23 Hussar
64:49 Two-Man Saw
64:26 Heavy Plow
67:45 Caravan
70:09 Fortified Wall
71:26 Town Patrol
Alexander
6:30 Loom
8:45 Feudal Age
10:08 Double-Bit Axe
11:36 Horse Collar
14:31 Forging
20:25 Castle Age
19:37 Bloodlines
19:35 Scale Barding Armor
20:15 Gold Mining
21:43 Bow Saw
26:04 Husbandry
29:29 Wheelbarrow
29:49 Chain Barding Armor
32:56 Iron Casting
32:40 Heavy Plow
36:22 Hand Cart
38:04 Fletching
41:50 Imperial Age
43:12 Elite Iron Pagoda
44:28 Plate Barding Armor
44:54 Blast Furnace
45:06 Conscription
46:42 Fortified Bastions
47:27 Hoardings
49:23 Light Cavalry
51:12 Bodkin Arrow
52:50 Bracer
52:58 Siege Engineers
53:15 Ballistics
53:57 Chemistry
53:07 Masonry
52:54 Murder Holes
54:32 Two-Man Saw
53:44 Fortified Wall
55:17 Padded Archer Armor
57:22 Guilds
57:31 Guilds
60:08 Caravan
61:20 Architecture
63:07 Hussar
68:28 Leather Archer Armor
67:34 Pikeman
68:15 Squires
68:20 Scale Mail Armor
69:49 Halberdier
Yo_N3m3sis
7:29 Loom
9:52 Feudal Age
11:01 Double-Bit Axe
10:57 Horse Collar
16:24 Wheelbarrow
19:39 Forging
22:28 Castle Age
21:17 Bloodlines
21:15 Scale Barding Armor
21:23 Gold Mining
22:34 Light Cavalry
23:05 Fletching
23:38 Chain Barding Armor
24:23 Husbandry
26:32 Bow Saw
28:12 Iron Casting
30:14 Hand Cart
38:00 Fletching
42:42 Imperial Age
41:05 Ballistics
44:10 Plate Barding Armor
44:36 Blast Furnace
43:34 Heavy Scorpion
48:21 Chemistry
48:00 Cavalier
52:30 Conscription
52:39 Comitatenses
54:58 Ballistas
58:53 Gold Shaft Mining
60:30 Scale Mail Armor
65:19 Squires
67:16 Pikeman
69:50 Capped Ram
73:12 Siege Ram
Connection lost

Rejoining the realm…

Still unreachable

The connection could not be restored.

Session expired

The server has moved on; the page needs a fresh start.